 Dungeon Crawl Stone Soup version 0.31-a0-182-gc5ef74bbde (webtiles) character file.

Game seed: 5082302196003958491

44 qw the Chopper (level 3, -1/23 HPs)
             Began as a Gargoyle Fighter on June 21, 2023.
             Slain by a gnoll
             ... wielding a +0 halberd
              (5 damage)
             ... on level 2 of the Dungeon.
             The game lasted 00:00:33 (781 turns).

qw the Chopper (Gargoyle Fighter)                    Turns: 781, Time: 00:00:34

Health: -1/23      AC: 17    Str: 21    XL:     3   Next: 62%
Magic:  3/3        EV:  9    Int:  8    God:
Gold:   10         SH:  4    Dex:  9    Spells: 2/2 levels left

rFire   . . .        Y - +0 war axe (protect)
rCold   . . .        c - +0 buckler
rNeg    + . .        b - +0 scale mail
rPois   inf          (no helmet)
rElec   +            (no cloak)
rCorr   .            (no gloves)
SInv    .            (no boots)
Will    .....        (no amulet) Stlth
                     (no ring)
HPRegen 0.23/turn    (no ring)
MPRegen 0.08/turn

%: no passive effects
@: under a protective aura
A: sickness immunity, AC +3, negative energy resistance 1, electricity
resistance, torment resistance 1, petrification resistance
a: no special abilities


You were on level 2 of the Dungeon.
You visited 1 branch of the dungeon, and saw 2 of its levels.

You collected 10 gold pieces.


Innate Abilities, Weirdness & Mutations

You are immune to sickness and miasma.
Your stone body is resilient. (AC +3)
You are immune to poison.
You resist negative energy. (rN+)
You are resistant to electric shocks. (rElec)
You are resistant to unholy torment.
You are immune to petrification.


   Skills:
 - Level 3.2 Fighting
 + Level 3.5 Axes
 - Level 3.2 Armour
 - Level 3.2 Shields


You had 2 spell levels left.
You didn't know any spells.
Your spell library was empty.

Inventory:

Hand Weapons
 h - a +0 whip
 Y - a +0 war axe of protection (weapon)
Armour
 b - a +0 scale mail (worn)
 c - a +0 buckler (worn)
Scrolls
 a - 2 scrolls of identify
Potions
 d - a potion of might
 e - a potion of mutation {unknown}
 l - a potion of curing {unknown}
 m - a potion of heal wounds {unknown}

Dungeon Overview and Level Annotations

Branches:
Dungeon (2/15)

Altars:


Message History

You start resting.
HP restored.
You see here a quokka corpse.
A gnoll comes into view. It is wielding a +0 club.
Found a scroll of identify.
The gnoll shouts!
An endoplasm comes into view.
Enter note:
Enter note: A gnoll comes into view. It is wielding a +0 halberd.
The gnoll shouts!
Enter note:
Enter note:
Enter note:
Enter note: You slash the plant!
The plant begins to die.
The plant is lightly damaged.
A gnoll comes into view. It is wielding a +0 spear.
You slash the gnoll!
Your weapon exudes an aura of protection.
You kill the gnoll!
You hit the plant. The gnoll hits you but does no damage.
You hit the endoplasm.
The endoplasm is heavily wounded.
You slash the plant! The endoplasm barely misses you.
The gnoll hits you from afar with a +0 halberd!
You hit the endoplasm but do no damage.
The endoplasm is heavily wounded.
You hit the plant.
A nearby plant withers and dies.
The endoplasm completely misses you.
The gnoll hits you from afar with a +0 halberd.
The gnoll misses you. The endoplasm freezes you.
You are frozen.
You hit the endoplasm.
You kill the endoplasm!
The gnoll hits you from afar with a +0 halberd.
You die...

#.#.#######.
#.#.# ###.#.##
#......#
#.#%#<## ##
#....## ####...
##.#.#.##.......
#...............
##.#.#.#@)g....P
#........g.....
#?#.##.........
#.#.##.......P.
# #. ##.PP.....
#..PP....
.........
####.##..


You could see 2 gnolls.

Vanquished Creatures
  A gnoll (D:2)
  2 dart slugs (D:1)
  4 endoplasms
  A giant cockroach (D:1)
  5 goblins
  A hobgoblin (D:2)
  3 quokkas
  4 ball pythons (D:1)
  3 bats (D:1)
  3 frilled lizards (D:1)
  2 kobolds
  2 rats (D:1)
31 creatures vanquished.

Notes
Turn   | Place    | Note
-------+----------+-------------------------------------------
     0 | D:1      | qw the Gargoyle Fighter began the quest for the Orb.
     0 | D:1      | Reached XP level 1. HP: 14/14 MP: 1/1
     0 | D:1      | 0 ||| qw: Version: 0.3-a-9-g12657ce
     0 | D:1      | 0 ||| qw: Game counter: 1530
     0 | D:1      | 0 ||| qw: Always use a shield: true
     0 | D:1      | 0 ||| qw: God list: Okawaru
     0 | D:1      | 0 ||| qw: Allow faded altars: false
     0 | D:1      | 0 ||| qw: Do Orc after D:15 true
     0 | D:1      | 0 ||| qw: Do second Lair branch before Depths: true
     0 | D:1      | 0 ||| qw: Lair rune preference: random
     0 | D:1      | 0 ||| qw: Plans: Normal, Zot:1-4, Slime:5, God:TSO, Crypt,
                  | Tomb, Abyss, Pan, Hells, Win
     0 | D:1      | 0 ||| PLANNING D:1-11
   163 | D:1      | Reached XP level 2. HP: 19/19 MP: 2/2
   327 | D:1      | Reached skill level 3 in Axes
   334 | D:1      | Reached XP level 3. HP: 9/23 MP: 3/3
   593 | D:1      | 593 ||| READING 2 scrolls labelled GUNYMUKUIK.
   594 | D:1      | 594 ||| READING scroll labelled FAISEXZIDD.
   595 | D:1      | 595 ||| READING scroll labelled BESOAPTUTTO.
   596 | D:1      | 596 ||| READING scroll labelled YDO PUPODEARA.
   614 | D:1      | 614 ||| READING scroll labelled MIUDOD ZEDO.
   692 | D:2      | 692 ||| READING scroll labelled SIC NYODOLE.
   780 | D:2      | HP: 4/23 [frozen (5)]
   781 | D:2      | Slain by a gnoll

Levels and vault maps discovered:
D:1:      dpeg_arrival_tiny_e, layout_rooms
D:2:      layout_loops_ring, serial_glass, glass_columns_b, glass_columns_a,
          glass_columns_a, glass_columns_b, glass_columns_b, glass_columns_a,
          minmay_strange_pillars, minmay_strange_pillars,
          minmay_strange_pillars, nicolae_grassy_gnolls

Skill      XL: |  1  2 |
---------------+-------+-----
Axes           | 2 3 |  3.5
Fighting       | |  3.2
Armour         | |  3.2
Shields        | |  3.2

Action                     || total
---------------------------++-------
  Melee: War axe           ||    88
    Use: Scroll            ||     6
 Armour: Scale mail        ||    42
  Dodge: Dodged            ||    38
  Block: Buckler           ||    16

Table legend:
 A = Non-vault XP
 B = Vault XP
 C = Vault XP percentage of total XP
 D = Non-vault monster count
 E = Vault monster count
 F = Vault count percentage of total count
                 A         B        C        D         E       F
            +---------+---------+-------+---------+---------+-------
      Total |      52 |      14 |  21.2 |      30 |       1 |   3.2
            +---------+---------+-------+---------+---------+-------
        D:1 |      39 |       0 |   0.0 |      23 |       0 |   0.0
        D:2 |      13 |      14 |  51.9 |       7 |       1 |  12.5
            +---------+---------+-------+---------+---------+-------
